Panthers vs Flames
(R1)
Created - April 1, 2020 at 19:06
Goals
|
Panthers |
3 |
1 |
2 |
6 |
Flames |
2 |
2 |
1 |
5 |
|
Shots
|
Panthers |
8 |
7 |
15 |
30 |
Flames |
10 |
12 |
5 |
27 |
|
1st period
1. Panthers , Alex Galchenyuk 38 (Matt Duchene 52) at 2:56 (PP)
2. Flames , Alexander Semin 26 (Eric Staal 59) at 5:50
3. Panthers , Stephen Weiss 14 (Steve Montador 11) at 16:28
4. Flames , Mikhail Grabovski 5 (Derek Meech 18, Colin Wilson 14) at 18:57
5. Panthers , Matt Duchene 38 (Alex Galchenyuk 38, Marek Svatos 33) at 19:13 (PP)
Penalties :
Steve Eminger (Cal) for Hooking (Minor) at 2:52, Stephen Weiss (Flo) for Hooking (Minor) at 12:33, Erik Johnson (Cal) for Hooking (Minor) at 19:06
2nd period
6. Flames , Alexander Radulov 17 (Patrik Berglund 26) at 2:51 (PP)
7. Flames , Alexander Radulov 18 (Brad Marchand 28, Patrik Berglund 27) at 15:26
8. Panthers , Travis Zajac 24 (Erik Gudbranson 28, Jonathan Sigalet 18) at 15:38
Penalties :
Stephen Weiss (Flo) for Interference (Minor) at 2:10, Chad Larose (Flo) for High sticking (Minor) at 7:56, David Booth (Flo) for Diving (Minor) at 18:23
3rd period
9. Flames , Kyle Palmieri 10 (Mikhail Grabovski 5, Steve Eminger 16) at 5:25
10. Panthers , Taylor Chorney 5 (Stephen Weiss 23, Drew Stafford 29) at 12:35
11. Panthers , Marek Svatos 18 (Matt Duchene 53, Alex Galchenyuk 39) at 15:28 (PP)
Penalties :
Brandon Gormley (Flo) for Hooking (Minor) at 2:49, Mikhail Grabovski (Cal) for Roughing (Minor) at 13:41
Goalie Stats
Petr Mrazek (Flo), 22 saves from 27 shots - (0.815), W, 26-18-2, 60:00 minutes
Jonas Gustavsson (Cal), 24 saves from 30 shots - (0.800), L, 24-15-5, 58:57 minutes
Players Stats for Panthers
Player Name G A P +/- PIM S H SB GA TA FO MP PP MP PK MP
------------------------------------------------------------------------------------
Alex Galchenyuk 1 2 3 1 0 5 1 0 1 0 0/2 22:10 1:04 1:40
Brandon Gormley 0 0 0 -2 2 1 2 2 0 0 0/0 15:48 1:24 0:00
Chad Larose 0 0 0 -1 2 1 1 1 0 0 0/0 19:42 0:54 4:03
Daniel Paille 0 0 0 -1 0 2 1 0 0 0 0/0 9:23 0:00 0:45
David Booth 0 0 0 -2 2 4 4 0 1 0 0/0 16:19 0:54 0:03
Drew Stafford 0 1 1 1 0 0 1 1 0 1 0/0 13:14 0:00 2:03
Erik Gudbranson 0 1 1 1 0 0 1 3 0 1 0/0 28:46 0:34 5:18
Jonathan Sigalet 0 1 1 1 0 2 0 2 0 0 0/0 24:45 1:24 3:19
Kyle Wellwood 0 0 0 -1 0 0 0 0 0 0 0/1 10:49 0:00 2:06
Linus Omark 0 0 0 1 0 0 1 0 0 1 0/0 5:32 0:00 0:31
Marek Svatos 1 1 2 0 0 1 0 1 0 0 0/1 15:54 1:04 0:00
Matt Duchene 1 2 3 0 0 5 2 0 0 0 9/16 17:44 1:04 0:58
Matt Irwin 0 0 0 0 0 0 1 0 1 1 0/0 12:06 0:00 0:00
Patrick Eaves 0 0 0 -1 0 0 2 0 0 0 0/0 8:38 0:00 0:00
Stephen Weiss 1 1 2 1 4 2 3 0 1 0 2/4 11:23 0:00 0:00
Steve Montador 0 1 1 0 0 0 0 1 1 0 0/0 15:30 0:00 3:19
Taylor Chorney 1 0 1 -2 0 1 1 0 0 2 0/0 23:09 0:34 5:18
Travis Zajac 1 0 1 -1 0 6 0 1 1 2 14/29 20:26 0:54 5:05
Players Stats for Flames
Player Name G A P +/- PIM S H SB GA TA FO MP PP MP PK MP
------------------------------------------------------------------------------------
Alexander Radulov 2 0 2 -1 0 3 3 0 0 1 0/0 17:41 3:37 0:00
Alexander Semin 1 0 1 0 0 2 5 0 0 0 1/1 22:11 4:53 0:00
Brad Marchand 0 1 1 -1 0 1 3 1 1 0 0/0 18:00 3:37 0:52
Brendan Mikkelson 0 0 0 1 0 0 0 0 0 0 0/0 13:02 0:00 0:41
Colin Wilson 0 1 1 0 0 2 1 0 1 0 2/4 12:00 0:07 0:52
David Backes 0 0 0 0 0 3 1 0 2 1 0/0 22:20 4:53 0:00
David Ullstrom 0 0 0 2 0 0 1 1 0 0 0/0 8:48 0:07 1:06
Derek Meech 0 1 1 2 0 0 1 4 1 1 0/0 22:32 3:34 1:17
Eric Staal 0 1 1 0 0 4 1 0 0 0 21/36 22:11 4:53 0:00
Erik Johnson 0 0 0 -2 2 1 0 1 1 2 0/0 25:10 5:03 0:45
Kyle Palmieri 1 0 1 2 0 1 1 0 0 0 0/0 7:42 0:07 0:00
Mikhail Grabovski 1 1 2 2 2 2 0 0 0 0 0/1 7:34 0:00 0:00
Patrik Berglund 0 2 2 -1 0 2 3 0 0 0 4/11 18:14 3:37 1:06
Peter Prucha 0 0 0 0 0 1 0 1 0 0 0/0 11:01 0:00 0:00
Sami Vatanen 0 0 0 -2 0 2 1 0 0 0 0/0 23:44 5:03 0:00
Steve Eminger 0 1 1 1 2 1 0 0 1 1 0/0 13:33 0:00 1:13
Steve Regier 0 0 0 0 0 0 1 0 1 0 0/0 11:01 0:00 0:00
Tim Ramholt 0 0 0 2 0 2 0 0 0 0 0/0 21:15 3:34 0:00
3 Stars
1 - Alex Galchenyuk (Flo)
2 - Matt Duchene (Flo)
3 - Alexander Radulov (Cal)
Power Play
Panthers - 3 on 3 Attempt(s) - 100.00%
Flames - 1 on 5 Attempt(s) - 20.00%
Penalty Kill
Panthers - 4 on 5 Attempt(s) - 80.00%
- Score 0 goal in Penalty Kill
Flames - 0 on 3 Attempt(s) - 0.00%
- Score 0 goal in Penalty Kill
Team Stat
Panthers - Hits : 21 - Faceoff Wins : 25 - Blocked Shots : 12 - Penalty Minutes : 10
Flames - Hits : 22 - Faceoff Wins : 28 - Blocked Shots : 8 - Penalty Minutes : 6
Official
Referees : Unknown
Linesman : Unknown
Game Notes
Linus Omark is injured at 7:16 of 2nd period (Sprained Left Ankle)
Finance
Level 1 -- Attendance: 5131 (85.52%) -- Ticket Income $564,410
Level 2 -- Attendance: 4135 (82.70%) -- Ticket Income $293,585
Level 3 -- Attendance: 1423 (71.15%) -- Ticket Income $65,458
Level 4 -- Attendance: 3128 (78.20%) -- Ticket Income $96,968
Luxury Box -- Attendance: 874 (87.40%) -- Ticket Income $162,564
Game was played at the Metal Center.
Total Attendance: 14691 (81.62%)
Total Ticket Income: $1,182,985
Other Income: $177,448
Total Income: $1,360,433
Panthers
5 vs 5 Forward
Center Left Wing Right Wing Time % Phy DF OF
1 Matt Duchene Alex Galchenyuk Marek Svatos 40 0 2 3
2 Travis Zajac David Booth Chad Larose 30 0 2 3
3 Stephen Weiss Linus Omark Drew Stafford 20 0 3 2
4 Kyle Wellwood Daniel Paille Patrick Eaves 10 1 2 2
5 vs 5 Defense
Defense Defense Time % Phy DF OF
1 Erik Gudbranson Jonathan Sigalet 40 0 2 3
2 Taylor Chorney Brandon Gormley 30 0 2 3
3 Steve Montador Matt Irwin 20 0 3 2
4 Erik Gudbranson Jonathan Sigalet 10 0 2 3
PowerPlay Forward
Center Left Wing Right Wing Time % Phy DF OF
1 Matt Duchene Alex Galchenyuk Marek Svatos 60 0 1 4
2 Travis Zajac David Booth Chad Larose 40 0 1 4
PowerPlay Defense
Defense Defense Time % Phy DF OF
1 Erik Gudbranson Taylor Chorney 60 0 2 3
2 Jonathan Sigalet Brandon Gormley 40 0 2 3
Penalty Kill 4 Players Forward
Center Wing Time % Phy DF OF
1 Travis Zajac Chad Larose 60 1 3 1
2 Kyle Wellwood Drew Stafford 40 1 3 1
Penalty Kill 4 Players Defense
Defense Defense Time % Phy DF OF
1 Erik Gudbranson Taylor Chorney 60 1 4 0
2 Jonathan Sigalet Steve Montador 40 1 4 0
Penalty Kill - 3 Players Forward
Forward Time % Phy DF OF
1 Chad Larose 60 1 3 1
2 Drew Stafford 40 1 3 1
Penalty Kill - 3 Players Defense
Defense Defense Time % Phy DF OF
1 Erik Gudbranson Taylor Chorney 60 1 4 0
2 Jonathan Sigalet Steve Montador 40 1 4 0
4 vs 4 Forward
Center Wing Time % Phy DF OF
1 Matt Duchene Alex Galchenyuk 60 0 2 3
2 Travis Zajac David Booth 40 0 2 3
4 vs 4 Defense
Defense Defense Time % Phy DF OF
1 Erik Gudbranson Jonathan Sigalet 60 0 2 3
2 Taylor Chorney Brandon Gormley 40 1 2 2
Last Minutes Offensive
Center Left Wing Right Wing Defense Defense
Matt Duchene Alex Galchenyuk Marek Svatos Erik Gudbranson Jonathan Sigalet
Last Minutes Defensive
Center Left Wing Right Wing Defense Defense
Travis Zajac Linus Omark Chad Larose Erik Gudbranson Taylor Chorney
Goaltenders
Starting : Petr Mrazek
Backup : Braden Holtby
Extra Forwards
Normal : David Booth, Alex Galchenyuk, Matt Duchene - PP : David Booth, Alex Galchenyuk - PK : Linus Omark
Extra Defensemen
Normal : Brandon Gormley, Taylor Chorney, Erik Gudbranson - PP : Brandon Gormley - PK : Brandon Gormley, Taylor Chorney
Penalty Shots
Alex Galchenyuk, Kyle Wellwood, Daniel Paille, Travis Zajac, David Booth
Scratches
Christian Ehrhoff (Healthy), Lubomir Visnovsky (Healthy)
Flames
5 vs 5 Forward
Center Left Wing Right Wing Time % Phy DF OF
1 Eric Staal Alexander Semin David Backes 40 1 2 2
2 Patrik Berglund Brad Marchand Alexander Radulov 33 2 2 1
3 Colin Wilson Steve Regier Peter Prucha 19 2 2 1
4 Mikhail Grabovski David Ullstrom Kyle Palmieri 8 2 2 1
5 vs 5 Defense
Defense Defense Time % Phy DF OF
1 Erik Johnson Sami Vatanen 38 1 2 2
2 Derek Meech Tim Ramholt 29 2 2 1
3 Brendan Mikkelson Steve Eminger 23 2 2 1
4 Derek Meech Tim Ramholt 10 2 2 1
PowerPlay Forward
Center Left Wing Right Wing Time % Phy DF OF
1 Eric Staal Alexander Semin David Backes 60 1 0 4
2 Patrik Berglund Brad Marchand Alexander Radulov 40 1 0 4
PowerPlay Defense
Defense Defense Time % Phy DF OF
1 Erik Johnson Sami Vatanen 60 1 1 3
2 Derek Meech Tim Ramholt 40 1 1 3
Penalty Kill 4 Players Forward
Center Wing Time % Phy DF OF
1 Colin Wilson Brad Marchand 50 1 4 0
2 Patrik Berglund David Ullstrom 50 1 4 0
Penalty Kill 4 Players Defense
Defense Defense Time % Phy DF OF
1 Derek Meech Steve Eminger 58 1 4 0
2 Erik Johnson Brendan Mikkelson 42 1 4 0
Penalty Kill - 3 Players Forward
Forward Time % Phy DF OF
1 Eric Staal 50 1 4 0
2 Brad Marchand 50 1 4 0
Penalty Kill - 3 Players Defense
Defense Defense Time % Phy DF OF
1 Derek Meech Steve Eminger 58 1 4 0
2 Erik Johnson Brendan Mikkelson 42 1 4 0
4 vs 4 Forward
Center Wing Time % Phy DF OF
1 Eric Staal Alexander Semin 60 2 2 1
2 Colin Wilson Brad Marchand 40 2 2 1
4 vs 4 Defense
Defense Defense Time % Phy DF OF
1 Erik Johnson Sami Vatanen 60 2 2 1
2 Derek Meech Tim Ramholt 40 2 2 1
Last Minutes Offensive
Center Left Wing Right Wing Defense Defense
Eric Staal Alexander Semin David Backes Erik Johnson Sami Vatanen
Last Minutes Defensive
Center Left Wing Right Wing Defense Defense
Eric Staal Alexander Semin David Backes Erik Johnson Sami Vatanen
Goaltenders
Starting : Jonas Gustavsson
Backup : Pekka Rinne
Extra Forwards
Normal : Brad Marchand, Alexander Semin, David Ullstrom - PP : David Ullstrom, Colin Wilson - PK : Brad Marchand
Extra Defensemen
Normal : Sami Vatanen, Steve Eminger, Tim Ramholt - PP : Sami Vatanen - PK : Erik Johnson, Tim Ramholt
Penalty Shots
Eric Staal, Alexander Semin, David Backes, Brad Marchand, Patrik Berglund
Scratches
None
% Time on Ice - Panthers
Lines # - Real PCT - Wanted PCT - Time Play
Normal Forward
1 - 33% - 40% - 15:40
2 - 27% - 30% - 12:53
3 - 23% - 20% - 11:01
4 - 18% - 10% - 8:38
Normal Defense
1 - 40% - 40% - 19:23
2 - 30% - 30% - 14:25
3 - 25% - 20% - 12:06
4 - 5% - 10% - 2:18
PP Forward
1 - 54% - 60% - 1:04
2 - 46% - 40% - 0:54
PP Defense
1 - 29% - 60% - 0:34
2 - 71% - 40% - 1:24
PK Forward
1 - 76% - 60% - 6:34
2 - 24% - 40% - 2:03
PK Defense
1 - 62% - 60% - 5:18
2 - 38% - 40% - 3:19
PK3 Forward
1 - 0% - 60%
2 - 0% - 40%
PK3 Defense
1 - 0% - 60%
2 - 0% - 40%
44 Forward
1 - 0% - 60%
2 - 0% - 40%
44 Defense
1 - 0% - 60%
2 - 0% - 40%
Last Minute Offensive - 0:00
Last Minute Defensive - 1:13
Total
Forward - 60:00
Defense - 60:00
|
% Time on Ice - Flames
Lines # - Real PCT - Wanted PCT - Time Play
Normal Forward
1 - 33% - 40% - 16:06
2 - 28% - 33% - 13:31
3 - 23% - 19% - 11:01
4 - 16% - 8% - 7:35
Normal Defense
1 - 39% - 38% - 18:41
2 - 30% - 29% - 14:39
3 - 24% - 23% - 11:39
4 - 7% - 10% - 3:14
PP Forward
1 - 58% - 60% - 5:00
2 - 42% - 40% - 3:37
PP Defense
1 - 59% - 60% - 5:03
2 - 41% - 40% - 3:34
PK Forward
1 - 44% - 50% - 0:52
2 - 56% - 50% - 1:06
PK Defense
1 - 65% - 58% - 1:17
2 - 35% - 42% - 0:41
PK3 Forward
1 - 0% - 50%
2 - 0% - 50%
PK3 Defense
1 - 0% - 58%
2 - 0% - 42%
44 Forward
1 - 0% - 60%
2 - 0% - 40%
44 Defense
1 - 0% - 60%
2 - 0% - 40%
Last Minute Offensive - 1:12
Last Minute Defensive - 0:00
Total
Forward - 60:00
Defense - 60:00
|
Play-by-Play
1st period
0:01 of 1st period - Matt Duchene wins face-off versus Eric Staal in neutral zone.
0:04 of 1st period - Eric Staal is hit by Matt Duchene and loses puck.
1:40 of 1st period - Snap shot by Alexander Semin.
1:40 of 1st period - Shot Blocked by Brandon Gormley.
1:42 of 1st period - Wrist shot by David Backes.
1:42 of 1st period - Shot Misses the Net.
2:06 of 1st period - Snap shot by David Booth.
2:06 of 1st period - Shot Misses the Net.
2:26 of 1st period - Wrist shot by Linus Omark.
2:26 of 1st period - Shot Misses the Net.
2:52 of 1st period - Minor Penalty to Steve Eminger for Hooking.
2:53 of 1st period - Matt Duchene wins face-off versus Colin Wilson in Flames zone.
2:56 of 1st period - Snap shot by Alex Galchenyuk.
2:56 of 1st period - Goal by Alex Galchenyuk - Panthers : 1 - Flames : 0.
2:57 of 1st period - Patrik Berglund wins face-off versus Matt Duchene in neutral zone.
3:00 of 1st period - Snap shot by Alexander Radulov.
3:00 of 1st period - Shot Misses the Net.
3:02 of 1st period - Slapshot by Sami Vatanen.
3:02 of 1st period - Stopped by Petr Mrazek without a rebound.
3:03 of 1st period - Matt Duchene wins face-off versus Patrik Berglund in Panthers zone.
3:14 of 1st period - Snap shot by Marek Svatos.
3:14 of 1st period - Shot Misses the Net.
3:20 of 1st period - Marek Svatos is hit by Brad Marchand and loses puck.
3:27 of 1st period - Slapshot by Patrik Berglund.
3:27 of 1st period - Stopped by Petr Mrazek with a rebound.
4:58 of 1st period - Wrist shot by Matt Duchene.
4:58 of 1st period - Shot Misses the Net.
5:14 of 1st period - Erik Johnson is hit by Erik Gudbranson and loses puck.
5:48 of 1st period - Wrist shot by Brad Marchand.
5:48 of 1st period - Stopped by Petr Mrazek without a rebound.
5:49 of 1st period - Eric Staal wins face-off versus Travis Zajac in Panthers zone.
5:50 of 1st period - Wrist shot by Alexander Semin.
5:50 of 1st period - Goal by Alexander Semin - Panthers : 1 - Flames : 1.
5:51 of 1st period - Travis Zajac wins face-off versus Eric Staal in neutral zone.
6:10 of 1st period - Taylor Chorney is hit by Alexander Semin.
7:31 of 1st period - Brendan Mikkelson is hit by Stephen Weiss and loses puck.
7:44 of 1st period - Alexander Semin is hit by Patrick Eaves and loses puck.
8:06 of 1st period - Daniel Paille is hit by Kyle Palmieri.
8:16 of 1st period - Chad Larose is hit by Alexander Semin and loses puck.
10:58 of 1st period - Icing by Travis Zajac.
10:59 of 1st period - Travis Zajac wins face-off versus Mikhail Grabovski in Panthers zone.
11:46 of 1st period - Steve Regier is hit by David Booth and loses puck.
11:53 of 1st period - Snap shot by Travis Zajac.
11:53 of 1st period - Stopped by Jonas Gustavsson with a rebound.
12:09 of 1st period - Daniel Paille is hit by Sami Vatanen and loses puck.
12:16 of 1st period - Wrist shot by Brad Marchand.
12:16 of 1st period - Shot Misses the Net.
12:33 of 1st period - Minor Penalty to Stephen Weiss for Hooking.
12:34 of 1st period - Eric Staal wins face-off versus Travis Zajac in Panthers zone.
14:27 of 1st period - Chad Larose is hit by Brad Marchand and loses puck.
14:33 of 1st period - Penalty to Stephen Weiss is over, Stephen Weiss is back on ice.
14:44 of 1st period - Slapshot by Peter Prucha.
14:44 of 1st period - Shot Blocked by Chad Larose.
14:46 of 1st period - Slapshot by Steve Eminger.
14:46 of 1st period - Shot Misses the Net.
14:48 of 1st period - Snap shot by Steve Eminger.
14:48 of 1st period - Stopped by Petr Mrazek with a rebound.
14:50 of 1st period - Wrist shot by Steve Regier.
14:50 of 1st period - Shot Blocked by Erik Gudbranson.
15:06 of 1st period - Snap shot by Alex Galchenyuk.
15:06 of 1st period - Stopped by Jonas Gustavsson with a rebound.
15:08 of 1st period - Snap shot by Matt Duchene.
15:08 of 1st period - Shot Blocked by David Ullstrom.
15:50 of 1st period - Snap shot by Colin Wilson.
15:50 of 1st period - Stopped by Petr Mrazek without a rebound.
15:51 of 1st period - Eric Staal wins face-off versus Kyle Wellwood in Panthers zone.
16:02 of 1st period - Slapshot by David Backes.
16:02 of 1st period - Stopped by Petr Mrazek with a rebound.
16:23 of 1st period - Sami Vatanen is hit by Linus Omark and loses puck.
16:28 of 1st period - Wrist shot by Stephen Weiss.
16:28 of 1st period - Goal by Stephen Weiss - Panthers : 2 - Flames : 1.
16:29 of 1st period - Travis Zajac wins face-off versus Eric Staal in neutral zone.
16:35 of 1st period - Icing by Chad Larose.
16:36 of 1st period - Eric Staal wins face-off versus Travis Zajac in Panthers zone.
16:49 of 1st period - Wrist shot by Travis Zajac.
16:49 of 1st period - Stopped by Jonas Gustavsson without a rebound.
16:50 of 1st period - Eric Staal wins face-off versus Travis Zajac in Flames zone.
16:50 of 1st period - Eric Staal is hit by David Booth.
17:23 of 1st period - Slapshot by Derek Meech.
17:23 of 1st period - Shot Blocked by Erik Gudbranson.
17:25 of 1st period - Slapshot by Tim Ramholt.
17:25 of 1st period - Stopped by Petr Mrazek without a rebound.
17:26 of 1st period - Travis Zajac wins face-off versus Eric Staal in Panthers zone.
17:33 of 1st period - Snap shot by David Booth.
17:33 of 1st period - Stopped by Jonas Gustavsson with a rebound.
17:39 of 1st period - Snap shot by Eric Staal.
17:39 of 1st period - Shot Misses the Net.
17:41 of 1st period - Slapshot by Derek Meech.
17:41 of 1st period - Deflect By Eric Staal.
17:41 of 1st period - Stopped by Petr Mrazek without a rebound.
17:42 of 1st period - Matt Duchene wins face-off versus Patrik Berglund in Panthers zone.
18:57 of 1st period - Slapshot by Mikhail Grabovski.
18:57 of 1st period - Deflect By Kyle Wellwood.
18:57 of 1st period - Goal by Mikhail Grabovski - Panthers : 2 - Flames : 2.
18:58 of 1st period - Matt Duchene wins face-off versus Eric Staal in neutral zone.
19:06 of 1st period - Minor Penalty to Erik Johnson for Hooking.
19:07 of 1st period - Matt Duchene wins face-off versus Patrik Berglund in Flames zone.
19:13 of 1st period - Snap shot by Matt Duchene.
19:13 of 1st period - Goal by Matt Duchene - Panthers : 3 - Flames : 2.
19:14 of 1st period - Eric Staal wins face-off versus Matt Duchene in neutral zone.
19:17 of 1st period - Marek Svatos is hit by Eric Staal.
19:23 of 1st period - Snap shot by Matt Duchene.
19:23 of 1st period - Shot Misses the Net.
19:50 of 1st period - Snap shot by Matt Duchene.
19:50 of 1st period - Stopped by Jonas Gustavsson with a rebound.
19:52 of 1st period - Slapshot by Brandon Gormley.
19:52 of 1st period - Shot Blocked by Peter Prucha.
Goals for this period are 3 for Panthers vs 2 for Flames.
Shots for this period are 8 for Panthers vs 10 for Flames.
2nd period
0:01 of 2nd period - Eric Staal wins face-off versus Travis Zajac in neutral zone.
0:17 of 2nd period - Wrist shot by David Booth.
0:17 of 2nd period - Stopped by Jonas Gustavsson with a rebound.
1:13 of 2nd period - David Ullstrom is hit by Patrick Eaves and loses puck.
1:20 of 2nd period - Snap shot by Daniel Paille.
1:20 of 2nd period - Stopped by Jonas Gustavsson without a rebound.
1:21 of 2nd period - Travis Zajac wins face-off versus Eric Staal in Flames zone.
1:48 of 2nd period - Matt Duchene is hit by Patrik Berglund.
2:07 of 2nd period - Erik Johnson is hit by Stephen Weiss and loses puck.
2:10 of 2nd period - Minor Penalty to Stephen Weiss for Interference.
2:11 of 2nd period - Travis Zajac wins face-off versus Eric Staal in Panthers zone.
2:44 of 2nd period - Drew Stafford is hit by Derek Meech and loses puck.
2:51 of 2nd period - Backhand shot by Alexander Radulov.
2:51 of 2nd period - Goal by Alexander Radulov - Panthers : 3 - Flames : 3.
2:52 of 2nd period - Travis Zajac wins face-off versus Eric Staal in neutral zone.
5:01 of 2nd period - Brendan Mikkelson is hit by Taylor Chorney and loses puck.
5:37 of 2nd period - Off-side.
5:38 of 2nd period - Travis Zajac wins face-off versus Colin Wilson in neutral zone.
6:04 of 2nd period - Alex Galchenyuk is hit by Alexander Semin and loses puck.
6:10 of 2nd period - Icing by Marek Svatos.
6:11 of 2nd period - Eric Staal wins face-off versus Matt Duchene in Panthers zone.
6:48 of 2nd period - Slapshot by Matt Duchene.
6:48 of 2nd period - Stopped by Jonas Gustavsson without a rebound.
6:49 of 2nd period - Patrik Berglund wins face-off versus Travis Zajac in Flames zone.
6:49 of 2nd period - Patrik Berglund is hit by David Booth.
7:15 of 2nd period - Linus Omark is hit by Steve Regier and loses puck.
7:16 of 2nd period - Linus Omark from Panthers is injured at 7:16 of 2nd period (Sprained Left Ankle).
7:17 of 2nd period - Eric Staal wins face-off versus Alex Galchenyuk in Panthers zone.
7:20 of 2nd period - Slapshot by Alexander Semin.
7:20 of 2nd period - Stopped by Petr Mrazek without a rebound.
7:21 of 2nd period - Eric Staal wins face-off versus Matt Duchene in Panthers zone.
7:28 of 2nd period - Snap shot by Eric Staal.
7:28 of 2nd period - Deflect By David Backes.
7:28 of 2nd period - Shot Blocked by Jonathan Sigalet.
7:28 of 2nd period - Puck is out of play.
7:29 of 2nd period - Eric Staal wins face-off versus Travis Zajac in Panthers zone.
7:30 of 2nd period - Backhand shot by David Backes.
7:30 of 2nd period - Shot Misses the Net.
7:32 of 2nd period - Snap shot by David Backes.
7:32 of 2nd period - Stopped by Petr Mrazek without a rebound.
7:33 of 2nd period - Eric Staal wins face-off versus Travis Zajac in Panthers zone.
7:34 of 2nd period - Snap shot by David Backes.
7:34 of 2nd period - Shot Blocked by Travis Zajac.
7:36 of 2nd period - Slapshot by Alexander Semin.
7:36 of 2nd period - Shot Misses the Net.
7:38 of 2nd period - Slapshot by Tim Ramholt.
7:38 of 2nd period - Shot Blocked by Jonathan Sigalet.
7:40 of 2nd period - Slapshot by Eric Staal.
7:40 of 2nd period - Shot Hit the Post.
7:42 of 2nd period - Slapshot by Derek Meech.
7:42 of 2nd period - Shot Misses the Net.
7:44 of 2nd period - Slapshot by Tim Ramholt.
7:44 of 2nd period - Stopped by Petr Mrazek with a rebound.
7:56 of 2nd period - Minor Penalty to Chad Larose for High sticking.
7:57 of 2nd period - Travis Zajac wins face-off versus Eric Staal in Panthers zone.
8:36 of 2nd period - Snap shot by Alexander Radulov.
8:36 of 2nd period - Stopped by Petr Mrazek without a rebound.
8:37 of 2nd period - Travis Zajac wins face-off versus Patrik Berglund in Panthers zone.
9:37 of 2nd period - Travis Zajac is hit by Alexander Radulov and loses puck.
9:56 of 2nd period - Penalty to Chad Larose is over, Chad Larose is back on ice.
10:29 of 2nd period - Wrist shot by Patrick Eaves.
10:29 of 2nd period - Deflect By Daniel Paille.
10:29 of 2nd period - Stopped by Jonas Gustavsson with a rebound.
10:47 of 2nd period - Slapshot by Tim Ramholt.
10:47 of 2nd period - Shot Blocked by Brandon Gormley.
10:49 of 2nd period - Wrist shot by Alexander Semin.
10:49 of 2nd period - Shot Blocked by Marek Svatos.
11:32 of 2nd period - Matt Duchene is hit by David Ullstrom and loses puck.
11:50 of 2nd period - Daniel Paille is hit by Alexander Semin.
12:57 of 2nd period - Snap shot by David Backes.
12:57 of 2nd period - Shot Blocked by Erik Gudbranson.
12:59 of 2nd period - Snap shot by David Backes.
12:59 of 2nd period - Stopped by Petr Mrazek without a rebound.
13:00 of 2nd period - Stephen Weiss wins face-off versus Eric Staal in Panthers zone.
13:14 of 2nd period - Wrist shot by Eric Staal.
13:14 of 2nd period - Stopped by Petr Mrazek without a rebound.
13:15 of 2nd period - Patrik Berglund wins face-off versus Travis Zajac in Panthers zone.
13:16 of 2nd period - Wrist shot by Brad Marchand.
13:16 of 2nd period - Shot Misses the Net.
14:40 of 2nd period - Icing by Brandon Gormley.
14:41 of 2nd period - Matt Duchene wins face-off versus Patrik Berglund in Panthers zone.
14:59 of 2nd period - Eric Staal is hit by Matt Duchene and loses puck.
15:06 of 2nd period - Snap shot by Alex Galchenyuk.
15:06 of 2nd period - Shot Hit the Post.
15:08 of 2nd period - Snap shot by Alex Galchenyuk.
15:08 of 2nd period - Stopped by Jonas Gustavsson without a rebound.
15:09 of 2nd period - Patrik Berglund wins face-off versus Travis Zajac in Flames zone.
15:18 of 2nd period - Slapshot by Chad Larose.
15:18 of 2nd period - Stopped by Jonas Gustavsson with a rebound.
15:26 of 2nd period - Slapshot by Alexander Radulov.
15:26 of 2nd period - Goal by Alexander Radulov - Panthers : 3 - Flames : 4.
15:27 of 2nd period - Eric Staal wins face-off versus Travis Zajac in neutral zone.
15:30 of 2nd period - Slapshot by Sami Vatanen.
15:30 of 2nd period - Stopped by Petr Mrazek with a rebound.
15:38 of 2nd period - Slapshot by Travis Zajac.
15:38 of 2nd period - Goal by Travis Zajac - Panthers : 4 - Flames : 4.
15:39 of 2nd period - Eric Staal wins face-off versus Matt Duchene in neutral zone.
16:27 of 2nd period - Sami Vatanen is hit by Alex Galchenyuk and loses puck.
17:10 of 2nd period - Kyle Palmieri is hit by Chad Larose and loses puck.
17:30 of 2nd period - Marek Svatos is hit by Patrik Berglund and loses puck.
17:41 of 2nd period - Wrist shot by Patrik Berglund.
17:41 of 2nd period - Stopped by Petr Mrazek with a rebound.
17:53 of 2nd period - Tim Ramholt is hit by Daniel Paille and loses puck.
18:02 of 2nd period - Wrist shot by Kyle Wellwood.
18:02 of 2nd period - Shot Misses the Net.
18:13 of 2nd period - Tim Ramholt is hit by David Booth and loses puck.
18:17 of 2nd period - Kyle Palmieri is hit by Brandon Gormley and loses puck.
18:23 of 2nd period - Minor Penalty to David Booth for Diving.
18:24 of 2nd period - Travis Zajac wins face-off versus Eric Staal in Panthers zone.
18:32 of 2nd period - Slapshot by Erik Johnson.
18:32 of 2nd period - Stopped by Petr Mrazek without a rebound.
18:33 of 2nd period - Eric Staal wins face-off versus Travis Zajac in Panthers zone.
18:36 of 2nd period - Wrist shot by Eric Staal.
18:36 of 2nd period - Stopped by Petr Mrazek without a rebound.
18:37 of 2nd period - Eric Staal wins face-off versus Travis Zajac in Panthers zone.
18:48 of 2nd period - Wrist shot by David Backes.
18:48 of 2nd period - Shot Blocked by Steve Montador.
19:15 of 2nd period - Slapshot by Sami Vatanen.
19:15 of 2nd period - Shot Blocked by Drew Stafford.
Goals for this period are 1 for Panthers vs 2 for Flames.
Shots for this period are 7 for Panthers vs 12 for Flames.
3rd period
0:01 of 3rd period - Travis Zajac wins face-off versus Eric Staal in neutral zone.
0:03 of 3rd period - Off-side.
0:04 of 3rd period - Eric Staal wins face-off versus Travis Zajac in neutral zone.
0:07 of 3rd period - Chad Larose is hit by David Backes and loses puck.
0:23 of 3rd period - Penalty to David Booth is over, David Booth is back on ice.
1:14 of 3rd period - Snap shot by Alex Galchenyuk.
1:14 of 3rd period - Stopped by Jonas Gustavsson with a rebound.
1:36 of 3rd period - Snap shot by Colin Wilson.
1:36 of 3rd period - Stopped by Petr Mrazek without a rebound.
1:37 of 3rd period - Colin Wilson wins face-off versus Stephen Weiss in Panthers zone.
2:08 of 3rd period - Slapshot by David Backes.
2:08 of 3rd period - Shot Misses the Net.
2:30 of 3rd period - Wrist shot by Travis Zajac.
2:30 of 3rd period - Stopped by Jonas Gustavsson without a rebound.
2:31 of 3rd period - Travis Zajac wins face-off versus Patrik Berglund in Flames zone.
2:40 of 3rd period - Snap shot by Travis Zajac.
2:40 of 3rd period - Stopped by Jonas Gustavsson with a rebound.
2:42 of 3rd period - Slapshot by Brandon Gormley.
2:42 of 3rd period - Stopped by Jonas Gustavsson without a rebound.
2:43 of 3rd period - Eric Staal wins face-off versus Marek Svatos in Flames zone.
2:49 of 3rd period - Minor Penalty to Brandon Gormley for Hooking.
2:50 of 3rd period - Eric Staal wins face-off versus Travis Zajac in Panthers zone.
3:36 of 3rd period - Steve Montador is hit by Alexander Radulov and loses puck.
4:49 of 3rd period - Penalty to Brandon Gormley is over, Brandon Gormley is back on ice.
5:07 of 3rd period - Alex Galchenyuk is hit by Colin Wilson and loses puck.
5:23 of 3rd period - Slapshot by Steve Eminger.
5:23 of 3rd period - Deflect By Mikhail Grabovski.
5:23 of 3rd period - Stopped by Petr Mrazek with a rebound.
5:25 of 3rd period - Snap shot by Mikhail Grabovski.
5:25 of 3rd period - Deflect By Kyle Palmieri.
5:25 of 3rd period - Goal by Kyle Palmieri - Panthers : 4 - Flames : 5.
5:26 of 3rd period - Matt Duchene wins face-off versus Eric Staal in neutral zone.
5:36 of 3rd period - Slapshot by Matt Duchene.
5:36 of 3rd period - Stopped by Jonas Gustavsson with a rebound.
5:38 of 3rd period - Slapshot by Alex Galchenyuk.
5:38 of 3rd period - Stopped by Jonas Gustavsson with a rebound.
5:40 of 3rd period - Snap shot by Jonathan Sigalet.
5:40 of 3rd period - Shot Misses the Net.
6:20 of 3rd period - Wrist shot by Peter Prucha.
6:20 of 3rd period - Stopped by Petr Mrazek without a rebound.
6:21 of 3rd period - Eric Staal wins face-off versus Stephen Weiss in Panthers zone.
6:28 of 3rd period - Snap shot by Eric Staal.
6:28 of 3rd period - Stopped by Petr Mrazek without a rebound.
6:29 of 3rd period - Eric Staal wins face-off versus Matt Duchene in Panthers zone.
6:44 of 3rd period - Slapshot by Matt Duchene.
6:44 of 3rd period - Shot Misses the Net.
6:46 of 3rd period - Snap shot by Brandon Gormley.
6:46 of 3rd period - Shot Misses the Net.
7:02 of 3rd period - Chad Larose is hit by Brad Marchand.
7:18 of 3rd period - Snap shot by Patrick Eaves.
7:18 of 3rd period - Shot Misses the Net.
7:20 of 3rd period - Slapshot by Erik Gudbranson.
7:20 of 3rd period - Shot Blocked by Derek Meech.
7:22 of 3rd period - Snap shot by Erik Gudbranson.
7:22 of 3rd period - Shot Blocked by Derek Meech.
7:24 of 3rd period - Snap shot by Jonathan Sigalet.
7:24 of 3rd period - Shot Blocked by Brad Marchand.
7:26 of 3rd period - Slapshot by Erik Gudbranson.
7:26 of 3rd period - Shot Blocked by Derek Meech.
7:28 of 3rd period - Wrist shot by Patrick Eaves.
7:28 of 3rd period - Shot Blocked by Derek Meech.
7:42 of 3rd period - Slapshot by Stephen Weiss.
7:42 of 3rd period - Shot Misses the Net.
7:44 of 3rd period - Snap shot by Erik Gudbranson.
7:44 of 3rd period - Shot Hit the Post.
8:06 of 3rd period - Slapshot by Travis Zajac.
8:06 of 3rd period - Shot Misses the Net.
9:24 of 3rd period - Snap shot by David Booth.
9:24 of 3rd period - Stopped by Jonas Gustavsson with a rebound.
9:26 of 3rd period - Snap shot by Travis Zajac.
9:26 of 3rd period - Stopped by Jonas Gustavsson with a rebound.
9:28 of 3rd period - Snap shot by Chad Larose.
9:28 of 3rd period - Shot Blocked by Erik Johnson.
10:05 of 3rd period - Erik Johnson is hit by Drew Stafford and loses puck.
11:26 of 3rd period - Derek Meech is hit by Brandon Gormley and loses puck.
11:57 of 3rd period - Matt Irwin is hit by Alexander Radulov and loses puck.
12:11 of 3rd period - Brendan Mikkelson is hit by Matt Irwin and loses puck.
12:33 of 3rd period - Snap shot by Stephen Weiss.
12:33 of 3rd period - Stopped by Jonas Gustavsson with a rebound.
12:35 of 3rd period - Slapshot by Taylor Chorney.
12:35 of 3rd period - Goal by Taylor Chorney - Panthers : 5 - Flames : 5.
12:36 of 3rd period - Travis Zajac wins face-off versus Eric Staal in neutral zone.
12:39 of 3rd period - Slapshot by David Booth.
12:39 of 3rd period - Stopped by Jonas Gustavsson with a rebound.
13:41 of 3rd period - Minor Penalty to Mikhail Grabovski for Roughing.
13:42 of 3rd period - Colin Wilson wins face-off versus Matt Duchene in Flames zone.
14:18 of 3rd period - Slapshot by David Ullstrom.
14:18 of 3rd period - Shot Misses the Net.
15:10 of 3rd period - Snap shot by Alex Galchenyuk.
15:10 of 3rd period - Shot Misses the Net.
15:12 of 3rd period - Slapshot by Jonathan Sigalet.
15:12 of 3rd period - Stopped by Jonas Gustavsson with a rebound.
15:14 of 3rd period - Slapshot by Jonathan Sigalet.
15:14 of 3rd period - Stopped by Jonas Gustavsson without a rebound.
15:15 of 3rd period - Matt Duchene wins face-off versus Patrik Berglund in Flames zone.
15:28 of 3rd period - Slapshot by Marek Svatos.
15:28 of 3rd period - Goal by Marek Svatos - Panthers : 6 - Flames : 5.
15:29 of 3rd period - Alexander Semin wins face-off versus Alex Galchenyuk in neutral zone.
15:32 of 3rd period - Alex Galchenyuk is hit by Alexander Semin and loses puck.
15:43 of 3rd period - Snap shot by Matt Duchene.
15:43 of 3rd period - Stopped by Jonas Gustavsson without a rebound.
15:44 of 3rd period - Stephen Weiss wins face-off versus Eric Staal in Flames zone.
16:10 of 3rd period - David Booth is hit by Patrik Berglund and loses puck.
16:21 of 3rd period - Sami Vatanen is hit by Stephen Weiss.
17:38 of 3rd period - Slapshot by David Ullstrom.
17:38 of 3rd period - Shot Misses the Net.
18:57 of 3rd period - Flames, Jonas Gustavsson is pulled from the net.
19:07 of 3rd period - Wrist shot by Eric Staal.
19:07 of 3rd period - Shot Hit the Post.
Goals for this period are 2 for Panthers vs 1 for Flames.
Shots for this period are 15 for Panthers vs 5 for Flames.
Back to the Top